 Dungeon Crawl Stone Soup version 0.30-a0-799-g109b55a442 (webtiles) character file.

Game seed: 10985687365400520818

86 Esekla the Sneak (level 4, 31/31 HPs)
             Began as an Octopode Delver on Feb 20, 2023.
             Quit the game on level 5 of the Dungeon.
             The game lasted 00:03:17 (496 turns).

Esekla the Sneak (Octopode Delver)                   Turns: 496, Time: 00:03:17

Health: 31/31      AC:  1    Str: 11    XL:     4   Next: 49%
Magic:  5/5        EV: 13    Int: 14    God:
Gold:   52         SH:  0    Dex: 13    Spells: 5/5 levels left

rFire   . . .      SeeInvis +    a - +0 falchion
rCold   . . .      Faith    .    (no shield)
rNeg    . . .      Spirit   .    (helmet restricted)
rPois   .          Reflect  .    (no amulet)
rElec   .          Harm     .    h - ring of see invisible
rCorr   .          Rampage  .    i - ring of wizardry
Will    .....                    (no ring)
Stlth   +++++                    (no ring)
HPRegen 0.25/turn                (no ring)
MPRegen 0.09/turn                (no ring)
                                 (no ring)
                                 (no ring)

@: no status effects
A: almost no armour, amphibious, 8 rings, camouflage 1, gelatinous body 1,
(nimble swimmer 1), tentacles
a: no special abilities


You were on level 5 of the Dungeon.
You visited 1 branch of the dungeon, and saw 1 of its levels.

You collected 52 gold pieces.

Inventory:

Hand Weapons
 a - a +0 falchion (weapon)
 c - a +0 trident
Jewellery
 h - a ring of see invisible (left tentacle)
 i - a ring of wizardry (right tentacle)
Wands
 f - a wand of digging (3)
Scrolls
 b - a scroll of fog
 d - a scroll of fear
 g - a scroll of vulnerability {unknown}
Potions
 e - a potion of haste


   Skills:
 * Level 3.5 Fighting
 * Level 2.4 Long Blades
 * Level 2.5 Dodging
 + Level 7.6 Stealth
 * Level 1.0 Spellcasting


You had 5 spell levels left.
You didn't know any spells.
Your spell library contained the following spells:

 Spells                   Type           Power      Damage    Failure   Level
 Apportation              Tloc           0%         N/A       11%         1
 Necrotise                Necr           0%         1d4       11%         1
 Summon Small Mammal      Summ           0%         N/A       11%         1


Dungeon Overview and Level Annotations

Branches:
Dungeon (5/15)
 Temple: D:4-7

Altars:

Shops:
D:5 !!([


Innate Abilities, Weirdness & Mutations

You cannot wear most types of armour.
You are amphibious.
You can wear up to eight rings at the same time.
Your skin changes colour to match your surroundings (Stealth+).
Your rubbery body absorbs attacks. (AC +1, EV +1)
((You are camouflaged when in or above water. (Stealth+)))
You have tentacles for arms and can constrict up to eight enemies at once.


Message History

There is an open door here.
A necrophage comes into view.
There is an open door here.
A necrophage is nearby!
Unknown command.
Unknown command.
You hit the necrophage but do no damage.
Your grab misses the necrophage. The necrophage barely misses you.
The necrophage hits you.
You hit the necrophage. Your grab misses the necrophage.
Your squeeze misses the necrophage.
The necrophage is lightly damaged.
The necrophage barely misses you.
You hit the necrophage. Your grab misses the necrophage.
The necrophage is lightly damaged.
The necrophage barely misses you.
You hit the necrophage. You grab the necrophage. You squeeze the necrophage!
The necrophage is heavily damaged.
You constrict the necrophage. The necrophage hits you!
You feel drained.
You hit the necrophage.
The necrophage is severely damaged.
You constrict the necrophage. The necrophage hits you.
You slash the necrophage!
You destroy the necrophage!
Your life force feels restored.
Your Spellcasting skill increases to level 1!
You have reached level 4!
You close the door.
You start resting.
Magic restored.
You start resting.
HP restored.
As you open the door, it creaks loudly!
There is an open door here.
Found a book of Cantrips.
A jelly comes into view.
Found Rewaex's Antique Weapon Shop.
There is an entrance to Rewaex's Antique Weapon Shop here.
You can access your shopping list by pressing '$'.
Are you sure you want to abandon this character and quit the game? (Confirm with "yes".)

,,,,,,,,,,***,**,* *,,*
*,* **#....,,,* #.##.#
*,,* *<* * #.....J,*
#.##.# *,,*****,***** *
*.....,,* #.##.#
*,,,,,,,,,,,,,
#**,....,,* #.##.#
********,,***,
..,,,:..,,* #.##.# *,,*
** .#***#.#***
#.##.#*#####***,,* * .#
#.######.##.#......>,,,<*
* .#
#..........@..#********,*
.# #.######.##.### *,*
.#####.#
#.##.#**********,*
.......#
#.##..,,,,,,,,,,,*
.###.###
#.#####,********** .....#
#.# *,* .##### *#.#* *,*
.# *...* *,* .# *...* *,*


There were no monsters in sight!

Vanquished Creatures
  A necrophage (D:5)
  A hound (D:5)
2 creatures vanquished.

Notes
Turn   | Place    | Note
-------+----------+-------------------------------------------
     0 | D:5      | Esekla the Octopode Delver began the quest for the Orb.
     0 | D:5      | Reached XP level 1. HP: 16/16 MP: 1/1
    13 | D:5      | Noticed an ogre
    40 | D:5      | Noticed a hound
    41 | D:5      | Found Xadamo's Armour Shoppe.
    46 | D:5      | Killed a hound
    47 | D:5      | Reached skill level 7 in Stealth
    47 | D:5      | Reached XP level 2. HP: 12/21 MP: 2/2
    47 | D:5      | Reached XP level 3. HP: 15/26 MP: 3/3
   114 | D:5      | Found Keodgh's Distillery.
   389 | D:5      | Found Wairph's Distillery.
   397 | D:5      | Noticed a necrophage
   407 | D:5      | Killed a necrophage
   408 | D:5      | Reached skill level 1 in Spellcasting
   408 | D:5      | Reached XP level 4. HP: 14/31 MP: 3/5
   488 | D:5      | Found Rewaex's Antique Weapon Shop.
   496 | D:5      | Quit the game

Illustrated notes

Levels and vault maps discovered:
D:5:      layout_loops_ring, serial_shops, nicolae_shop_hallway_stairs,
          nicolae_shop_trees, nicolae_shop_crystal, shop_statue, feat_on_display

Skill      XL: |  1  2  3 |
---------------+----------+-----
Stealth        | 7 |  7.6
Spellcasting   | 1 |  1.0
Fighting       | |  3.5
Long Blades    | |  2.4
Dodging        | |  2.5

Action                     |  1- 3 |  4- 6 || total
---------------------------+-------+-------++-------
  Melee: Falchion          |    10 |       ||    10
         Constrict         |     2 |       ||     2
         Tentacles         |     2 |       ||     2
    Use: Scroll            |     1 |       ||     1
  Dodge: Dodged            |     7 |       ||     7

Table legend: (Time is in decaauts)
 A = Elapsed time spent in this place.
 B = Non-inter-level travel time spent in this place.
 C = Inter-level travel time spent in this place.
 D = Time resting spent in this place.
 E = Time spent auto-exploring this place.
 F = Levels seen in this place.
 G = Mean time per level.
                   A        B        C        D        E       F      G
               +--------+--------+--------+--------+--------+-----+--------+
         Total |    496 |    496 |      0 |    257 |      0 |   1 |  496.0 |
       Dungeon |    496 |    496 |      0 |    257 |      0 |   1 |  496.0 |
               +--------+--------+--------+--------+--------+-----+--------+

Top non-repeatable levels by time:
     D:5: 496 daAuts
